 Dungeon Crawl Stone Soup version 0.18.1-50-g88ac8fd (webtiles) character file.

1006 Ladykiller69 the Basher (level 8, -10/87 HPs)
             Began as an Ogre Gladiator on Oct 26, 2016.
             Was a Follower of Okawaru.
             Mangled by a wyvern skeleton (12 damage)
             ... on level 6 of the Dungeon.
             The game lasted 00:13:34 (5384 turns).

Ladykiller69 the Basher (Ogre Gladiator)            Turns: 5384, Time: 00:13:35

Health: -10/87     AC:  3    Str: 21    XL:     8   Next: 20%
Magic:  8/8        EV: 10    Int:  7    God:    Okawaru [*.....]
Gold:   284        SH:  0    Dex: 12    Spells: 0 memorised, 7 levels left

rFire  . . .     SeeInvis .     a - +0 flail
rCold  . . .     Gourm    .     b - +0 robe
rNeg   . . .     Faith    .     (no shield)
rPois  .         Spirit   .     c - +0 hat
rElec  .         Dismiss  .     (no cloak)
rCorr  .         Reflect  .     (gloves unavailable)
SustAt .         Harm     .     (boots unavailable)
MR     .....                    (no amulet)
Stlth  +.........               (no ring)
                                (no ring)

@: not resistant to hostile enchantments, very unstealthy
A: unfitting armour, tough skin 1
a: Heroism, Renounce Religion


You were on level 6 of the Dungeon.
You worshipped Okawaru.
Okawaru was aware of your devotion.
You were hungry.

You visited 2 branches of the dungeon, and saw 7 of its levels.

You collected 284 gold pieces.

Inventory:

Hand Weapons
 a - a +0 flail (weapon)
 x - a cursed -1 giant club
Missiles
 d - 4 throwing nets (quivered)
 e - 140 stones
 o - 2 javelins of penetration
 E - 6 tomahawks
Armour
 b - a +0 robe (worn)
 c - a +0 hat (worn)
Jewellery
 m - an uncursed amulet of the gourmand {unknown}
 v - a +2 ring of evasion {unknown}
Wands
 k - a wand of digging (14/24)
Scrolls
 g - 6 scrolls of identify {unknown}
 i - 2 scrolls of noise {unknown}
 p - 4 scrolls of teleportation {unknown}
 q - 2 scrolls of remove curse {unknown}
 r - a scroll of fog {unknown}
 w - a scroll of immolation {unknown}
 y - a scroll of enchant armour {unknown}
 z - a scroll of amnesia {unknown}
 C - 2 scrolls of blinking {unknown}
 G - a scroll of random uselessness {unknown}
Potions
 h - 4 potions of heal wounds
 n - a potion of might {unknown}
 s - 2 potions of berserk rage {unknown}
 t - 3 potions of brilliance {unknown}
 u - 2 potions of magic {unknown}
 B - a potion of cure mutation {unknown}
 F - 2 potions of mutation {unknown}
Books
 A - a book of Ice

   Spells                             Type                      Level
   a - Ice Form                       Ice/Transmutation            4
   b - Metabolic Englaciation         Hexes/Ice                    5
   c - Ozocubu's Refrigeration        Ice                          6
   d - Bolt of Cold                   Conjuration/Ice              6
   e - Freezing Cloud                 Conjuration/Ice/Air          6
   f - Simulacrum                     Ice/Necromancy               6
 D - a book of Alchemy

   Spells                             Type                      Level
   a - Sublimation of Blood           Necromancy                   2
   b - Ignite Poison                  Fire/Transmutation/Poison    3
   c - Petrify                        Transmutation/Earth          4
   d - Alistair's Intoxication        Transmutation/Poison         5
   e - Irradiate                      Conjuration/Transmutation    5
Comestibles
 f - 3 bread rations
 j - a meat ration
 l - 3 beef jerkies
 H - 2 fruits


   Skills:
 + Level 7.5 Fighting
 * Level 10.4 Maces & Flails
 - Level 2.0 Throwing
 - Level 3.0 Dodging


You had 7 spell levels left.
You didn't know any spells.

Dungeon Overview and Level Annotations

Branches:
Dungeon (6/15)             Temple (1/1) D:5

Altars:
Ashenzari
Cheibriados
Elyvilon
Gozag
Kikubaaqudgha
Makhleb
Nemelex Xobeh
Okawaru
Pakellas
Ru
Sif Muna
Trog
Vehumet
Xom
Yredelemnul
Zin
The Shining One

Annotations:
D:3 Sigmund
D:6 Blork the orc


Innate Abilities, Weirdness & Mutations

You are too large for most types of armour.
You have tough skin (AC +1).


Message History

H - 2 fruits You hit the wyvern skeleton.
The wyvern skeleton barely misses you.
You sock the wyvern skeleton! The wyvern skeleton bites you.
You hit the wyvern skeleton. The wyvern skeleton closely misses you.
An orc warrior comes into view. It is wielding a short sword.
The orc warrior shouts!
You hit the wyvern skeleton. The wyvern skeleton bites you.
An orc comes into view.
You hit the wyvern skeleton. The wyvern skeleton bites you! x2
* * * LOW HITPOINT WARNING * * *
You thump the wyvern skeleton! The wyvern skeleton bites you!
* * * LOW HITPOINT WARNING * * *
An orc comes into view. It is wielding a war axe.
Eat which item? (? for menu, Esc to quit)
Okay, then.
The wyvern skeleton bites you.
* * * LOW HITPOINT WARNING * * *
The wyvern skeleton barely misses you. The wyvern skeleton bites you!
You die...

.# ..# .## ...#
..#### #..# ..##.##
###...#. ......##
####....... .<.....##
####....####..
........##
####o.oo###.###
.........##
####Z.o##### #...#
..........####..@####
#.....#
..........#...####
#....o.
...........####
#.)..%. ...........#
#....." ...........#
##..... ..........##
#...[. ..........#
##...# ..........#
....###>.##


You could see an orc warrior, 3 orcs and a wyvern skeleton.

Vanquished Creatures
  The ghost of cedor the Cudgeler, an amateur DsCK of Xom (D:6)
  The ghost of cedor the Charmwright, an amateur NaSk (D:4)
  2 ogres
  A giant frog (D:6)
  A scorpion (D:4)
  A centaur zombie (D:6)
  3 hounds
  Jessica (D:3)
  An iguana (D:4)
  Terence (D:3)
  A worker ant (D:4)
  A hound skeleton (D:4)
  4 gnolls (D:2)
  5 adders
  An ooze (D:6)
  A dart slug (D:4)
  A giant gecko (D:2)
  12 bats
  7 giant cockroaches
  8 goblins
  7 hobgoblins
  8 kobolds
  2 quokkas
  A ball python (D:3)
  A giant gecko skeleton (D:5)
  7 giant newts
  6 rats
86 creatures vanquished.

Notes
Turn   | Place    | Note
--------------------------------------------------------------
     0 | D:1      | Ladykiller69 the Ogre Gladiator began the quest for the Orb.
     0 | D:1      | Reached XP level 1. HP: 22/22 MP: 1/1
   150 | D:1      | Reached XP level 2. HP: 23/31 MP: 2/2
   630 | D:1      | Reached XP level 3. HP: 30/37 MP: 3/3
  1039 | D:2      | Reached skill level 5 in Maces & Flails
  1492 | D:2      | Reached XP level 4. HP: 48/48 MP: 4/4
  1989 | D:3      | Noticed Jessica
  2010 | D:3      | Killed Jessica
  2010 | D:3      | Reached skill level 6 in Maces & Flails
  2010 | D:3      | Reached XP level 5. HP: 37/55 MP: 5/5
  2190 | D:3      | Found a burning altar of Makhleb.
  2190 | D:3      | Found a sacrificial altar of Ru.
  2192 | D:3      | Found a bloodstained altar of Trog.
  2522 | D:3      | Found a basalt altar of Yredelemnul.
  2552 | D:3      | Noticed Sigmund
  2622 | D:3      | Noticed Terence
  2643 | D:3      | Killed Terence
  3319 | D:4      | Noticed cedor's ghost (amateur NaSk)
  3414 | D:3      | Reached skill level 5 in Fighting
  3414 | D:3      | Reached skill level 7 in Maces & Flails
  3414 | D:3      | Reached XP level 6. HP: 38/66 MP: 6/6
  4192 | D:5      | Entered Level 5 of the Dungeon
  4266 | D:5      | Found an oddly glowing altar of Pakellas.
  4325 | D:5      | Reached skill level 8 in Maces & Flails
  4331 | D:5      | Reached XP level 7. HP: 41/74 MP: 7/7
  4487 | D:5      | Found a staircase to the Ecumenical Temple.
  4583 | Temple   | Entered the Ecumenical Temple
  4629 | Temple   | Became a worshipper of Warmaster Okawaru
  4810 | D:6      | Noticed cedor's ghost (amateur DsCK)
  4878 | D:4      | Killed cedor's ghost
  4878 | D:4      | Reached skill level 9 in Maces & Flails
  5169 | D:6      | Found a sparkling altar of Nemelex Xobeh.
  5225 | D:6      | Killed cedor's ghost
  5225 | D:6      | Reached * piety under Okawaru
  5225 | D:6      | Reached skill level 10 in Maces & Flails
  5225 | D:6      | Reached XP level 8. HP: 36/87 MP: 8/8
  5307 | D:6      | Noticed Blork the orc
  5374 | D:6      | HP: 2/87 [wyvern skeleton (15)]
  5384 | D:6      | Mangled by a wyvern skeleton

Skill      XL: |  1  2  3  4  5  6  7 |
---------------+----------------------+-----
Fighting       | 3 4 5 7 |  7.5
Maces & Flails | 5 6 7 8 10 | 10.4
Dodging        | 3 |  3.0
Throwing       | |  2.0

Action                   |  1- 3 |  4- 6 |  7- 9 || total
-------------------------+-------+-------+-------++-------
Melee: Flail             |   142 |   161 |    53 ||   356
Throw: Throwing net      |       |     1 |     2 ||     3
       Stone             |       |     6 |       ||     6
       Tomahawk          |       |       |     5 ||     5
  Use: Potion            |       |       |     3 ||     3
 Stab: Sleeping          |       |     1 |       ||     1
       Invisible         |       |       |     4 ||     4
  Eat: Chunk             |     2 |     7 |     1 ||    10
       Royal jelly       |       |     1 |       ||     1
       Beef jerky        |       |       |     1 ||     1
Armor: Robe              |    59 |    40 |     5 ||   104
Dodge: Dodged            |    98 |    75 |    19 ||   192
